Map: Orbital Shipyard

Players

LilDicky

  • Race: Terran Terran
  • League: Diamond

CowCake - Winner!

  • Race: Zerg Zerg
  • League: Platinum

VOD

http://www.twitch.tv/tumescentpie

Description

Time

  • Played on: Dec. 26, 2015, 10:11 p.m.
  • Length: 14:25
Show
View Real Time Build Order
Export as new Build Order

LilDicky Terran 

Build Orders: Command Center First (CC) 

Get SALT Encoding   

  12  0:01  SCV  
  13  0:14  SCV  
  14  0:18  Supply Depot  
  14  0:26  SCV  
  15  0:40  SCV  
  16  0:53  SCV  
  17  1:01  Command Center  
  17  1:06  SCV  
  18  1:16  Barracks  
  18  1:20  SCV  
  19  1:32  SCV  
  20  1:44  SCV  
  22  2:02  Marine  
  22  2:04  Supply Depot  
  22  2:05  Orbital Command  
  22  2:13  Orbital Command  
  22  2:23  Marine  
  22  2:24  Command Center  
  22  2:29  Refinery  
  23  2:32  Refinery  
  23  2:34  SCV  
  24  2:41  Marine  
  24  2:42  SCV  
  26  2:48  SCV  
  27  2:55  SCV  
  28  2:58  Marine  
  28  3:01  SCV  
  30  3:07  SCV  
  31  3:14  SCV  
  31  3:16  Marine  
  33  3:21  SCV  
  33  3:26  SCV  
  35  3:34  Marine  
  35  3:35  SCV  
  35  3:37  Orbital Command  
  35  3:40  Factory  
  37  3:41  SCV  
  37  3:44  Refinery  
  37  3:45  Refinery  
  37  3:47  SCV  
  39  3:52  Marine  
  39  3:53  SCV  
  41  3:59  SCV  
  42  4:05  SCV  
  42  4:09  SCV  
  44  4:10  Marine  
  44  4:11  SCV  
  46  4:17  SCV  
  46  4:23  Factory Reactor  
  47  4:26  SCV, Starport x2  
  47  4:27  SCV, Marine  
  50  4:33  SCV  
  50  4:37  Factory  
  51  4:38  SCV  
  51  4:39  Command Center, Engineering Bay  
  51  4:40  SCV  
  53  4:45  Marine  
  53  4:48  SCV  
  53  4:50  SCV  
  56  4:57  SCV  
  57  5:00  SCV  
  58  5:07  Liberator  
  58  5:08  Command Center, Starport Tech Lab  
  58  5:12  Armory  
  58  5:15  Missile Turret  
  58  5:16  Armory  
  58  5:17  Missile Turret  
  58  5:19  Factory Tech Lab  
  58  5:20  Factory Reactor  
  58  5:21  Armory  
  58  5:22  Liberator  
  58  5:27  Orbital Command  
  61  5:35  Supply Depot  
  61  5:39  Marine  
  61  5:40  SCV x2  
  67  5:50  Cloaking Field  
  67  5:51  Banshee, Siege Tank  
  67  5:52  SCV  
  67  5:54  SCV  
  75  5:58  SCV  
  76  6:04  SCV  
  76  6:06  SCV  
  76  6:08  Orbital Command  
  78  6:12  Supply Depot  
  78  6:13  SCV  
  78  6:16  SCV  
  80  6:23  Supply Depot  
  80  6:25  Command Center  
  80  6:27  SCV x2  
  80  6:31  Terran Vehicle And Ship Armor Level 1  
  82  6:33  Missile Turret  
  82  6:34  Missile Turret  
  82  6:36  SCV, Terran Ship Weapons Level 1  
  82  6:38  Banshee  
  86  6:43  Orbital Command  
  86  6:45  SCV x3  
  89  6:49  Liberator  
  89  6:50  SCV, Refinery, Liberator  
  89  6:51  Refinery  
  90  6:57  SCV x2  
  92  7:05  Missile Turret  
  92  7:06  Missile Turret  
  92  7:07  Missile Turret  
  98  7:11  Fusion Core  
  98  7:12  Missile Turret  
  98  7:13  Missile Turret  
  98  7:14  SCV, Terran Vehicle Weapons Level 1  
  98  7:15  SCV  
  100  7:19  Hi-Sec Auto Tracking  
  100  7:25  SCV  
  100  7:29  SCV  
  102  7:32  Missile Turret  
  102  7:40  Banshee  
  102  7:43  Thor  
  110  7:45  SCV, Hellion x2  
  110  7:51  SCV x4  
  117  7:57  SCV  
  120  8:03  Missile Turret, Behemoth Reactor  
  120  8:05  Hyperflight Rotors  
  120  8:06  SCV, Hellion x2  
  120  8:10  Liberator  
  120  8:12  Missile Turret  
  118  8:26  Banshee  
  121  9:00  Thor  
  127  9:06  SCV x2, Hellion x2  
  127  9:09  Banshee  
  136  9:15  Terran Vehicle Weapons Level 2  
  136  9:17  Missile Turret x2  
  136  9:18  Missile Turret  
  136  9:20  Factory  
  136  9:22  Factory x3  
  136  9:23  Liberator  
  133  9:38  Refinery  
  136  10:00  SCV  
  137  10:15  Supply Depot  
  137  10:16  Supply Depot  
  137  10:20  Liberator  
  137  10:37  Banshee  
  137  10:42  Hellion x2  
  147  10:45  Factory Tech Lab x2  
  147  10:46  Factory Reactor x2  
  144  10:52  Missile Turret  
  144  10:53  Missile Turret  
  144  10:56  SCV  
  144  10:57  SCV x2  
  147  11:05  Thor  
  147  11:06  Hellion  
  147  11:08  Weapon Refit  
  147  11:10  Terran Ship Weapons Level 2, Terran Vehicle And Ship Armor Level 2  
  152  11:24  Hellion x2  
  135  11:26  Thor  
  135  11:32  Command Center  
  130  11:39  Banshee  
  113  11:46  Viking x2  
  106  11:47  Hellion x5  
  106  11:48  Hellion x3  
  95  12:08  Hellion  
  95  12:09  Hellion x8  
  108  12:24  Banshee  
  96  12:53  Hellion, Liberator  
  98  13:04  Supply Depot, Hellion  
  98  13:06  Supply Depot x2  
  98  13:07  Supply Depot  
  98  13:08  Hellion  
  98  13:09  Supply Depot  
  98  13:10  Hellion, Liberator  
  98  13:11  Hellion x2  
  98  13:12  Hellion  
  99  13:13  Hellion x2  
  99  13:18  Supply Depot x2  
  99  13:19  Supply Depot  
  99  13:20  Supply Depot  
  99  13:26  Hellion  
  107  13:28  Siege Tank  
  107  13:32  Siege Tank  
  107  13:33  Siege Tank  
  121  13:34  Hellion x2  
  121  13:35  Hellion x3  
  129  13:41  Orbital Command  
  129  13:47  Hellion  
  131  13:55  Widow Mine x3  
  136  13:56  Hellion x2  
  136  14:00  SCV  
  136  14:01  SCV x2  
  150  14:12  SCV  
  150  14:13  SCV  
Show
View Real Time Build Order
Export as new Build Order

CowCake Zerg - Winner!

Build Orders: Hatch First 

Get SALT Encoding   

  12  0:01  Drone  
  13  0:12  Overlord  
  13  0:17  Drone  
  14  0:31  Drone x2  
  14  0:35  Drone  
  17  0:53  Hatchery  
  17  0:56  Drone  
  17  1:09  Spawning Pool  
  16  1:13  Drone  
  16  1:15  Extractor  
  16  1:20  Drone  
  16  1:22  Drone  
  18  1:28  Drone  
  19  1:42  Overlord  
  19  1:51  Drone  
  20  1:55  Queen  
  23  2:01  Zergling x2  
  23  2:05  Queen, Zergling x2  
  26  2:13  Zergling x2  
  27  2:19  Metabolic Boost  
  27  2:31  Queen  
  27  2:33  Drone x2  
  27  2:34  Drone x2  
  33  2:37  Drone  
  33  2:43  Drone  
  35  2:48  Drone  
  36  3:11  Overlord  
  36  3:12  Overlord  
  36  3:15  Overlord  
  36  3:18  Hatchery  
  35  3:22  Overlord  
  35  3:24  Drone  
  36  3:29  Queen  
  36  3:31  Drone  
  36  3:32  Drone x4  
  42  3:53  Drone x2  
  42  3:54  Drone  
  45  3:57  Extractor  
  45  3:58  Drone x2, Extractor x2  
  45  3:59  Drone x2  
  45  4:01  Drone x2  
  48  4:23  Evolution Chamber x2  
  46  4:25  Drone x4  
  46  4:26  Drone  
  46  4:27  Drone  
  52  4:33  Roach Warren  
  51  4:42  Drone x2  
  51  4:44  Drone  
  54  4:46  Queen  
  56  5:00  Zerg Missile Weapons Level 1, Zerg Ground Armor Level 1  
  56  5:03  Lair  
  56  5:04  Drone x9  
  56  5:05  Drone  
  66  5:12  Drone x2  
  66  5:13  Drone  
  69  5:21  Overlord  
  69  5:22  Overlord  
  69  5:23  Overlord  
  69  5:28  Drone x3  
  72  5:31  Extractor x2  
  70  5:39  Drone  
  70  5:40  Drone x2  
  70  5:41  Drone x3  
  76  5:54  Drone  
  76  5:55  Drone  
  76  5:56  Roach  
  76  5:57  Roach x3  
  86  6:06  Glial Reconstitution  
  86  6:15  Hatchery  
  87  6:18  Roach  
  87  6:19  Roach x5  
  87  6:20  Overlord  
  87  6:21  Overlord  
  97  6:36  Overlord  
  97  6:39  Roach x7  
  111  6:41  Overlord x2  
  111  6:42  Overlord x2  
  111  6:51  Spore Crawler x2  
  111  6:52  Drone  
  111  6:54  Drone x2  
  111  6:55  Spore Crawler  
  111  6:59  Spore Crawler  
  110  7:01  Spine Crawler  
  110  7:04  Spore Crawler  
  110  7:06  Drone x5, Spine Crawler  
  112  7:13  Zerg Ground Armor Level 2, Zerg Missile Weapons Level 2  
  112  7:20  Hatchery  
  111  7:31  Roach  
  111  7:32  Roach x9  
  131  7:40  Infestation Pit  
  131  7:42  Ravager x2  
  131  7:43  Evolution Chamber, Ravager x13  
  143  8:04  Roach  
  143  8:05  Roach x7  
  159  8:24  Overseer  
  159  8:28  Lair  
  159  8:31  Hive, Overlord  
  159  8:33  Zerg Melee Weapons Level 1  
  156  8:35  Drone  
  156  8:36  Drone x8  
  159  8:52  Spire  
  158  8:57  Hydralisk Den  
  158  8:59  Spore Crawler  
  158  9:01  Spore Crawler  
  158  9:02  Spore Crawler  
  154  9:04  Spore Crawler  
  154  9:05  Spore Crawler  
  154  9:08  Drone  
  154  9:09  Drone  
  155  9:10  Drone  
  155  9:12  Drone x3  
  155  9:14  Extractor x2  
  155  9:16  Roach x8  
  155  9:17  Roach  
  173  9:40  Spore Crawler  
  173  9:42  Spore Crawler  
  171  10:01  Roach  
  171  10:04  Overlord x5  
  173  10:17  Overseer  
  173  10:21  Queen  
  173  10:27  Corruptor x3  
  173  10:28  Corruptor x4  
  183  10:29  Zerg Melee Weapons Level 2  
  183  10:30  Zerg Ground Armor Level 3, Zerg Missile Weapons Level 3  
  189  10:55  Drone  
  189  10:56  Drone x10  
  200  10:58  Pathogen Glands  
  166  11:57  Roach  
  166  11:58  Roach x16  
  190  12:11  Overlord x3  
  190  12:17  Ultralisk Cavern  
  180  12:30  Overseer  
  180  12:32  Pneumatized Carapace  
  180  12:37  Greater Spire  
  180  12:40  Overseer  
  180  12:43  Roach x8  
  180  12:44  Roach  
  198  12:49  Zergling x2  
  199  13:53  Overlord  
  199  13:54  Overlord x6  
  199  13:56  Overseer x3  
Tags
 
Add a new tag
Caveats
  • Supply blocks, unpowered buildings, or Contaminate may cause inaccurate times.
  • Supply counts are checked every 10 seconds.